 Seeded DCSS version 0.30-a0-953-g5f1da4a474 (webtiles) character file.

Game seed: 20230327 (custom seed)

97 GigaChad the Shield-Bearer (level 5, -8/42 HPs)
             Began as a Formicid Fighter on Mar 28, 2023.
             Mangled by a mummy (12 damage)
             ... in an ossuary.
             The game lasted 00:04:25 (2441 turns).

GigaChad the Shield-Bearer (Formicid Fighter)       Turns: 2441, Time: 00:04:26

Health: -8/42      AC:  7    Str: 22    XL:     5   Next: 0%
Magic:  5/5        EV:  9    Int:  8    God:
Gold:   131        SH:  5    Dex: 13    Spells: 4/4 levels left

rFire   . . .      SeeInvis +    a - +0 war axe
rCold   . . .      Faith    .    c - +0 buckler
rNeg    . . .      Spirit   .    b - +0 scale mail
rPois   .          Reflect  .    (helmet unavailable)
rElec   .          Rampage  .    (no cloak)
rCorr   .                        (no gloves)
Will    .....                    (no boots) Stlth
                                 (no amulet)
HPRegen 0.27/turn                (no ring)
MPRegen 0.09/turn                (no ring)

@: no status effects
A: permanent stasis, dig shafts and tunnels, antennae 3, four strong arms
a: Dig


You were in an ossuary.
You visited 1 branch of the dungeon, and saw 4 of its levels.
You also visited: Ossuary.

You collected 131 gold pieces.

Inventory:

Hand Weapons
 a - a +0 war axe (weapon)
Armour
 b - a +0 scale mail (worn)
 c - a +0 buckler (worn)
 v - the +18 Lear's hauberk
   (You found it on level 4 of the Dungeon)
Jewellery
 j - a ring of fire
Scrolls
 f - 3 scrolls of identify
 h - 3 scrolls of enchant armour
 k - 2 scrolls of immolation {unknown}
 n - 2 scrolls of blinking {unknown}
 p - a scroll of fog {unknown}
 q - 2 scrolls of magic mapping {unknown}
 s - 2 scrolls of poison {unknown}
 t - a scroll of torment {unknown}
Potions
 d - a potion of might
 e - 3 potions of curing {unknown}
 g - a potion of invisibility {unknown}
 i - 2 potions of degeneration {unknown}
 l - 3 potions of brilliance {unknown}
 m - 2 potions of lignification {unknown}
 o - a potion of flight {unknown}
 r - 2 potions of heal wounds {unknown}
 u - a potion of berserk rage {unknown}


   Skills:
 + Level 4.1 Fighting
 + Level 2.7 Axes
 + Level 4.2 Armour
 + Level 0.3 Dodging
 + Level 0.2 Stealth
 + Level 4.6 Shields


You had 4 spell levels left.
You didn't know any spells.
Your spell library contained the following spells:

 Spells                   Type           Power      Damage    Failure   Level
 Sting                    Tmut/Pois      0%         1d3       80%         1
 Poisonous Vapours        Pois/Air       0%         N/A       90%         2
 Olgreb's Toxic Radiance  Pois           0%         N/A       100%        4
 Borgnjor's Revivificati  Necr           0%         N/A       100%        8
 Necromutation            Tmut/Necr      0%         N/A       100%        8
 Death's Door             Necr           0%         N/A       100%        9


Dungeon Overview and Level Annotations

Branches:
Dungeon (4/15)            Ossuary (1/1)
 Temple: D:4-7

Altars:
Elyvilon

Shops:
D:1 *=:*=


Innate Abilities, Weirdness & Mutations

You cannot be hasted, slowed, berserked, paralysed or teleported.
You can dig through walls and to a lower floor.
You have a pair of large antennae on your head. (SInv)
Your four strong arms can wield two-handed weapons with a shield.


Message History

The mummy is almost destroyed.
The mummy hits you but does no damage.
You hit the mummy.
You destroy the mummy!
You have reached level 5!
There is a sand-covered staircase here.
The world spins around you as you enter the gateway.
You enter an ossuary!
Found a gate leading back out of this place.
There is an empty arch of ancient stone here.
As you open the door, it creaks loudly!
A mummy opens the door. x2
There is an open door here.
A mummy comes into view. x2
You barely miss the mummy. You hit the mummy. The mummy hits you.
The mummy hits you!
* * * LOW HITPOINT WARNING * * *
You are too injured to fight recklessly!
You are too injured to fight recklessly!
A killer bee zombie comes into view.
You are too injured to fight recklessly!
You slash the mummy!
The mummy is heavily damaged.
You barely miss the mummy. The mummy barely misses you.
The mummy closely misses you.
You barely miss the mummy.
The mummy is heavily damaged.
You barely miss the mummy. You hit the mummy. The mummy hits you.
* * * LOW HITPOINT WARNING * * *
The mummy closely misses you. The mummy hits you but does no damage.
A wyvern zombie comes into view.
You are too injured to fight recklessly!
You hit the mummy.
The mummy is severely damaged.
You barely miss the mummy. You slash the mummy!
A mummy comes into view.
The mummy hits you.
* * * LOW HITPOINT WARNING * * *
The mummy completely misses you. The mummy hits you!
You die...

{ { { ##### {
#..∩#{ { #.∩.#
{ { #...#{ {
#.##'##+##M##
{+...M@MM.Z...
#+#'#M#Z#+#+#
{#.#.# #{ {
#####


You could see 5 mummies, a wyvern zombie and a killer bee zombie.

Vanquished Creatures
  A mummy (D:4)
  2 adders (D:3)
  A worm (D:2)
  A dart slug (D:1)
  3 ball pythons (D:1)
  6 bats
  4 endoplasms
  4 giant cockroaches
  9 goblins
  6 hobgoblins
  2 jackals (D:2)
  A quokka (D:1)
  3 frilled lizards
  6 kobolds
  4 rats
53 creatures vanquished.

Vanquished Creatures (others)
  A withered plant (Ossuary)
1 creature vanquished.

Grand Total: 54 creatures vanquished

Notes
Turn   | Place    | Note
-------+----------+-------------------------------------------
     0 | D:1      | GigaChad the Formicid Fighter began the quest for the Orb.
     0 | D:1      | Reached XP level 1. HP: 18/18 MP: 1/1
     4 | D:1      | Found Xoclunid's Book Emporium.
    33 | D:1      | Found Aqium's General Store.
   144 | D:1      | Found Wostryiz's General Store.
   223 | D:1      | Reached XP level 2. HP: 22/24 MP: 2/2
   270 | D:1      | Found a faded altar of an unknown god.
   371 | D:1      | Found Muif's Jewellery Shop.
   488 | D:1      | Reached XP level 3. HP: 27/30 MP: 3/3
   642 | D:1      | Found Uvvotic's Jewellery Boutique.
  1123 | D:2      | Found a white marble altar of Elyvilon.
  1459 | D:2      | Reached XP level 4. HP: 37/37 MP: 4/4
  2354 | D:4      | Found the +18 Lear's hauberk
  2416 | D:4      | Found a sand-covered staircase.
  2429 | D:4      | Reached XP level 5. HP: 29/42 MP: 5/5
  2432 | Ossuary  | Entered an ossuary
  2441 | Ossuary  | Mangled by a mummy

Illustrated notes

Levels and vault maps discovered:
D:1:      doesnt_arrival_eight_statues, layout_basic, serial_shops,
          nicolae_shop_advertising_works [nicolae_subvault_shop_adworks], shop,
          nicolae_lakefront_shop, shop, shop,
          shapermc_ecumenical_altar_notcrosses
D:2:      minmay_spotlight, layout_basic, basic_altar
D:3:      layout_loops_cross, st_stairs_7
D:4:      layout_basic, nicolae_qazlal_style_of_elements,
          gup_ossuary_entry_pyramid, uniq_eustachio, uniq_natasha, uniq_pikel,
          uniq_duvessa
Ossuary:  ossuary_zaba_flooded

Skill      XL: |  1  2  3  4 |
---------------+-------------+-----
Fighting       | 4 |  4.1
Armour         | 4 |  4.2
Axes           | |  2.7
Dodging        | |  0.3
Stealth        | |  0.2
Shields        | |  4.6

Action                     |  1- 3 |  4- 6 || total
---------------------------+-------+-------++-------
  Melee: War axe           |    94 |    66 ||   160
    Use: Scroll            |       |     1 ||     1
 Armour: Scale mail        |    42 |    35 ||    77
  Dodge: Dodged            |    34 |    19 ||    53
  Block: Buckler           |    25 |    10 ||    35

Table legend: (Time is in decaauts)
 A = Elapsed time spent in this place.
 B = Non-inter-level travel time spent in this place.
 C = Inter-level travel time spent in this place.
 D = Time resting spent in this place.
 E = Time spent auto-exploring this place.
 F = Levels seen in this place.
 G = Mean time per level.
                   A        B        C        D        E       F      G
               +--------+--------+--------+--------+--------+-----+--------+
         Total |   2505 |   2481 |     24 |      0 |   1998 |   5 |  501.0 |
       Dungeon |   2495 |   2471 |     24 |      0 |   1998 |   4 |  623.8 |
       Ossuary |      9 |      9 |      0 |      0 |      0 |   1 |    9.0 |
               +--------+--------+--------+--------+--------+-----+--------+

Top non-repeatable levels by time:
     D:1: 947 daAuts
     D:3: 734 daAuts
     D:2: 667 daAuts
     D:4: 146 daAuts
 Ossuary: 9 daAuts
